 Dungeon Crawl Stone Soup version 0.19-a0-981-gaae9137 (webtiles) character file.

181 sefie the Slasher (level 5, -6/41 HPs)
             Began as a Formicid Abyssal Knight on July 13, 2016.
             Was a Priest of Lugonu.
             Killed from afar by an orc wizard (8 damage)
             ... with a puff of flame
             ... on level 3 of the Dungeon on July 14, 2016.
             The game lasted 00:14:45 (2819 turns).

sefie the Slasher (Formicid Abyssal Knight)         Turns: 2819, Time: 00:14:47

Health: -6/41      AC:  7    Str: 17 (18) XL:     5   Next: 92%
Magic:  0/6        EV: 11    Int: 11      God:    Lugonu [***...]
Gold:   116        SH:  0    Dex:  9 (10) Spells: 0 memorised, 4 levels left

rFire  . . .     SeeInvis +     a - +1 falchion
rCold  . . .     Gourm    .     b - +0 leather armour
rNeg   . . .     Faith    .     (no shield)
rPois  .         Spirit   +     (helmet unavailable)
rElec  .         Dismiss  .     (no cloak)
rCorr  .         Reflect  .     (no gloves)
SustAt .         Harm     .     (no boots)
MR     .....                    e - amulet of guardian spirit
Stlth  +.........               (no ring)
                                i - +4 ring of protection

@: not resistant to hostile enchantments, very unstealthy
A: permanent stasis, dig shafts and tunnels, four strong arms, antennae 3
a: Dig, Shaft Self, Depart the Abyss, Bend Space, Banish, Renounce Religion


You were on level 3 of the Dungeon.
You worshipped Lugonu.
Lugonu was most pleased with you.
You were not hungry.

You visited 1 branch of the dungeon, and saw 3 of its levels.
You visited the Abyss 1 time.
You also visited: Sewer.

You collected 116 gold pieces.

Inventory:

Hand Weapons
 a - a +1 falchion (weapon)
Armour
 b - a +0 leather armour (worn)
Jewellery
 e - an amulet of guardian spirit (around neck)
 i - a +4 ring of protection (left hand)
Scrolls
 f - a scroll of fog {unknown}
 g - 2 scrolls of identify
 h - a scroll of teleportation
 l - a scroll of remove curse
 m - 2 scrolls of magic mapping {unknown}
 r - a scroll of fear {unknown}
 s - a scroll of immolation {unknown}
Potions
 k - a potion of lignification
 n - 5 potions of heal wounds {unknown}
 o - 3 potions of curing
 p - a potion of agility {unknown}
 q - a potion of brilliance {unknown}
Comestibles
 c - 3 bread rations
 d - 2 fruits
 j - 2 beef jerkies


   Skills:
 - Level 3.5 Fighting
 + Level 5.4 Long Blades
 - Level 2.3 Armour
 - Level 0.8 Dodging
 + Level 2.2 Invocations


You had 4 spell levels left.
You didn't know any spells.

Dungeon Overview and Level Annotations

Branches:
Dungeon (3/15)

Altars:
Xom


Innate Abilities, Weirdness & Mutations

You are under a permanent stasis effect.
You can dig through walls and to a lower floor.
Your four strong arms can wield two-handed weapons with a shield.
You have a pair of large antennae on your head. (SInv)


Message History

* * * LOW HITPOINT WARNING * * *
Unknown command.
Unknown command.
Unknown command.
The orc wizard gestures at you while chanting.
The puff of flame hits you!
Unknown command.
Unknown command.
Unknown command.
The orc wizard points at you and mumbles some strange words.
The puff of frost misses you.
The orc wizard gestures at you while chanting.
The puff of frost hits you!
* * * LOW HITPOINT WARNING * * *
The orc wizard gestures at you while chanting.
The magic dart hits you!
* * * LOW HITPOINT WARNING * * *
The orc wizard casts a spell at you. The puff of flame hits you!
You die...

#.##......#.#
#...........#
...........#######
###......).......########
##....................#
##.....######.######.#
#.....# #.# #.#
#.#.#.######.######.#
#......@........(<..#
#.#.#.#####..#..#####
#.....# #.##..#
###o#######.##..#
##...........>.#
#####...######.##..#
#.....).# #.##..#
...###...######.##..# #
##..o.{......#..#


You could see an orc wizard.

Vanquished Creatures
  7 adders
  2 oozes (Sewer)
  A worm (D:3)
  3 dart slugs
  2 giant geckos
  An orc (D:2)
  6 ball pythons
  3 giant cockroaches
  5 hobgoblins
  9 jackals (D:1)
  24 kobolds
  A quokka (D:2)
  5 bats
  10 giant newts
  7 goblins
  6 rats
92 creatures vanquished.

Notes
Turn   | Place    | Note
-------+----------+-------------------------------------------
     0 | Abyss:1  | sefie the Formicid Abyssal Knight began the quest for the Orb.
     0 | Abyss:1  | Reached XP level 1. HP: 18/18 MP: 2/2
    31 | Abyss:1  | Noticed a starcursed mass
    36 | Abyss:1  | Noticed a starcursed mass
    37 | D:1      | Escaped the Abyss
   199 | D:1      | Reached * piety under Lugonu
   204 | D:1      | Reached XP level 2. HP: 11/24 MP: 3/3
   411 | D:1      | Found a shimmering altar of Xom.
   502 | D:1      | Reached XP level 3. HP: 21/29 MP: 4/4
   730 | D:1      | Reached skill level 3 in Long Blades
  1289 | D:2      | Reached XP level 4. HP: 35/35 MP: 5/5
  1338 | D:2      | Reached skill level 4 in Long Blades
  1750 | D:2      | Reached ** piety under Lugonu
  1767 | D:2      | Reached XP level 5. HP: 15/41 MP: 3/6
  2330 | D:3      | Found a glowing drain.
  2390 | Sewer    | Entered a sewer
  2439 | Sewer    | Reached skill level 5 in Long Blades
  2455 | Sewer    | Upgraded the game from 0.19-a0-975-gfff5315 to 0.19-a0-981-gaae9137
  2533 | Sewer    | Reached *** piety under Lugonu
  2818 | D:3      | HP: 1/41 [orc wizard/magic dart (8)]
  2819 | D:3      | Killed from afar by an orc wizard

Vault maps used:
D:1:      roderic_lyre, xom_teletrap_fun
D:2:      first_bread, minmay_lizard_king
D:3:      gup_sewer_entry_bubbles
Sewer:    kennysheep_pipe_town

Skill      XL: |  1  2  3  4  5 |
---------------+----------------+-----
Long Blades    | 3 4 5 |  5.4
Fighting       | |  3.5
Armour         | |  2.3
Dodging        | |  0.8
Invocations    | |  2.2

Action                   |  1- 3 |  4- 6 || total
-------------------------+-------+-------++-------
Melee: Falchion          |    95 |   249 ||   344
Invok: Depart the Abyss  |     1 |       ||     1
       Bend Space        |       |     1 ||     1
  Use: Potion            |     2 |     1 ||     3
       Scroll            |       |     4 ||     4
 Stab: Distracted        |       |     1 ||     1
  Eat: Chunk             |     1 |     6 ||     7
Armor: Leather armour    |    26 |    63 ||    89
Dodge: Dodged            |    54 |   106 ||   160
